 Dungeon Crawl Stone Soup version 0.22-a0-352-gc608dd7 (webtiles) character file.

37 mortelune the Magician (level 3, -1/24 HPs)
             Began as a Demonspawn Wizard on Apr 14, 2018.
             Slain by a centaur skeleton (4 damage)
             ... on level 2 of the Dungeon.
             The game lasted 00:06:24 (1957 turns).

mortelune the Magician (Demonspawn Wizard)          Turns: 1957, Time: 00:06:24

Health: -1/24      AC:  3    Str:  7    XL:     3   Next: 23%
Magic:  0/7        EV: 12    Int: 20    God:
Gold:   91         SH:  0    Dex: 11    Spells: 2/8 levels left

rFire    . . .     SeeInvis .   i - +0 hand axe
rCold    . . .     Gourm    .   (no shield)
rNeg     . . .     Faith    .   a - +0 robe
rPois    .         Spirit   .   e - +0 helmet
rElec    .         Reflect  .   (no cloak)
rCorr    .         Harm     .   (no gloves)
MR       .....                  (no boots)
Stlth    ++........             (no amulet)
HPRegen  0.08/turn              (no ring)
MPRegen  0.10/turn              (no ring)

@: very slightly contaminated
A: sturdy frame 1
a: no special abilities


You were on level 2 of the Dungeon.
You were not hungry.

You visited 1 branch of the dungeon, and saw 2 of its levels.

You collected 91 gold pieces.

Inventory:

Hand Weapons
 f - a +0 club
 i - a +0 hand axe (weapon)
Armour
 a - a +0 robe (worn)
 b - a +0 hat
 e - a +0 helmet (worn)
Scrolls
 g - a scroll of identify {unknown}
 h - 2 scrolls of teleportation {unknown}
 j - 2 scrolls of remove curse {unknown}
Potions
 c - a potion of curing {unknown}
Comestibles
 d - 5 rations
 k - a chunk of flesh


   Skills:
 - Level 1.7 Dodging
 - Level 1.7 Stealth
 + Level 3.3 Spellcasting
 * Level 2.6 Conjurations
 + Level 1.2 Summonings
   Level 0.8 Translocations
 + Level 0.0 Air Magic


You had 2 spell levels left.
You knew the following spells:

 Your Spells              Type           Power        Failure   Level  Hunger
a - Magic Dart            Conj           ##..         4%          1    None
b - Call Imp              Summ           #.......     12%         2    ##.....
c - Mephitic Cloud        Conj/Pois/Air  #.......     28%         3    ###....


Dungeon Overview and Level Annotations

Branches:
Dungeon (2/15)

Altars:


Innate Abilities, Weirdness & Mutations

Your movements are slightly less encumbered by armour. (ER -2)


Message History

The centaur skeleton hits you. x2
The centaur skeleton closely misses you.
Cast which spell? (? or * to list)
Aiming: Magic Dart (safe; 4% risk of failure)
Press: ? - help, Shift-Dir - straight line, f - centaur skeleton
Aim: a centaur skeleton (almost destroyed)
The magic dart hits the centaur skeleton.
The centaur skeleton is almost destroyed.
The centaur skeleton hits you but does no damage.
The centaur skeleton barely misses you. The centaur skeleton hits you.
* * * LOW HITPOINT WARNING * * *
The centaur skeleton hits you but does no damage.
Casting: Magic Dart (safe; 4% risk of failure)
Confirm with . or Enter, or press ? or * to list all spells.
Aiming: Magic Dart (safe; 4% risk of failure)
Press: ? - help, Shift-Dir - straight line, f/p - centaur skeleton
Aim: a centaur skeleton (almost destroyed)
You miscast Magic Dart.
Your skin tingles.
The centaur skeleton hits you.
You die...

.# ##...........#.# #.#.......
.## #..............# #.#.......
..# #..########..### #.#.......
..###..# #.......# #.########
.......# #.####.## #.#
..####.###.####.### #.#
..#.(.............# ###.######
#.#.##.........######........#
#(#..#..........@Z...........#
..#..#..........#####........#
..#..#..........# #........#
.....#.(.......## #........#
#.#..#.........# #........#
#.#..#.........##################
#.#............##................
#.#.###........##.###############
..#.# #........##.#


You could see a centaur skeleton.

Vanquished Creatures
  An ooze (D:1)
  2 dart slugs (D:1)
  2 giant cockroaches (D:2)
  3 hobgoblins (D:1)
  3 kobolds
  3 bats
  4 frilled lizards
  3 goblins
  A rat (D:1)
22 creatures vanquished.

Vanquished Creatures (collateral kills)
  An adder (D:2)
  A bat (D:2)
  2 frilled lizards (D:2)
4 creatures vanquished.

Grand Total: 26 creatures vanquished

Notes
Turn   | Place    | Note
-------+----------+-------------------------------------------
     0 | D:1      | mortelune the Demonspawn Wizard began the quest for the Orb.
     0 | D:1      | Reached XP level 1. HP: 13/13 MP: 4/4
     0 | D:1      | Noticed an ice dragon
     3 | D:1      | Noticed a large abomination
     3 | D:1      | Noticed a shadow dragon
     6 | D:1      | Noticed a large abomination
     7 | D:1      | Noticed a tentacled monstrosity
    10 | D:1      | Noticed an orb of fire
    10 | D:1      | Noticed a large abomination
    12 | D:1      | Noticed an ice dragon
    14 | D:1      | Noticed a tentacled monstrosity
    16 | D:1      | Noticed a tentacled monstrosity
    18 | D:1      | Noticed a large abomination
    18 | D:1      | Noticed a large abomination
    20 | D:1      | Noticed an orb of fire
   640 | D:1      | Gained mutation: Your movements are slightly less encumbered by armour. (ER -2) [demonic ancestry]
   640 | D:1      | Reached XP level 2. HP: 10/19 MP: 0/6
   970 | D:1      | Learned a level 2 spell: Call Imp
  1557 | D:2      | Reached XP level 3. HP: 24/24 MP: 0/7
  1813 | D:2      | Learned a level 3 spell: Mephitic Cloud
  1957 | D:2      | Slain by a centaur skeleton

Vault maps used:
D:1:      shiori_arrival_whats_in_store_for_you
D:2:      first_ration, xom_teletrap_fun

Skill      XL: |  1  2 |
---------------+-------+-----
Conjurations   | 2 |  2.6
Dodging        | |  1.7
Stealth        | |  1.7
Spellcasting   | |  3.3
Summonings     | |  1.2
Translocations | |  0.8

Action                   || total
-------------------------++-------
Melee: Club              ||    27
       Hand axe          ||     5
 Cast: Magic Dart        ||    53
       Call Imp          ||     4
  Eat: Chunk             ||     3
Armor: Robe              ||    15
Dodge: Dodged            ||    42

Table legend:
 A = Spawn XP
 B = Non-spawn XP
 C = Spawn XP percentage of total XP
 D = Spawn monster count
 E = Non-spawn monster count
 F = Spawn count percentage of total count
 G = Total turns spent on level
                    A         B        C        D         E        F      G
               +---------+---------+-------+---------+---------+-------+---------
         Total |       0 |      54 |   0.0 |       0 |      26 |   0.0 |  1957
               +---------+---------+-------+---------+---------+-------+---------
           D:1 |       0 |      30 |   0.0 |       0 |      13 |   0.0 |  1454
           D:2 |       0 |      24 |   0.0 |       0 |      13 |   0.0 |   503
               +---------+---------+-------+---------+---------+-------+---------
